 Dungeon Crawl Stone Soup version 0.26-a0-649-gf8c6c3aab7 (webtiles) character file.

Game seed: 7690027526058271503

(classic levelgen) 70 EnegeticOcto the Skirmisher (level 4, 38/38 HPs)
             Began as a Mummy Wanderer on Sept 26, 2020.
             Quit the game in the Ecumenical Temple on Sept 27, 2020.
             The game lasted 00:05:22 (4072 turns).

EnegeticOcto the Skirmisher (Mummy Wanderer)        Turns: 4072, Time: 00:05:23

Health: 38/38      AC: 12    Str: 14    XL:     4   Next: 3%
Magic:  4/4        EV:  3    Int: 13    God:
Gold:   154        SH:  7    Dex: 11    Spells: 3/3 levels left

rFire    x . .     SeeInvis .   b - +0 spear
rCold    + . .     Faith    .   f - +0 kite shield
rNeg     + + +     Spirit   .   o - +3 chain mail
rPois    ∞         Reflect  .   (no helmet)
rElec    .         Harm     .   (no cloak)
rCorr    .         Rampage  .   e - +0 pair of gloves
MR       .....                  (no boots)
Stlth    ..........             (no amulet)
HPRegen  0.12/turn              (no ring)
MPRegen  0.09/turn              (no ring)

@: no status effects
A: no potions, fire vulnerability, cold resistance 1, negative energy resistance
3, torment resistance, unbreathing
a: no special abilities


You were in the Ecumenical Temple.
You visited 2 branches of the dungeon, and saw 5 of its levels.

You collected 154 gold pieces.

Inventory:

Hand Weapons
 b - a +0 spear (weapon)
 h - a +0 whip
 p - a +0 rapier of freezing
Missiles
 a - 3 datura-tipped darts
 g - 79 stones (quivered)
 n - 17 boomerangs
Armour
 e - a +0 pair of gloves (worn)
 f - a +0 kite shield (worn)
 o - a +3 chain mail (worn)
Scrolls
 d - 3 scrolls of teleportation {@r3 !r}
 i - a scroll of enchant weapon
 j - a scroll of magic mapping {@r5 !r}
 k - 2 scrolls of blinking {@r4}
 l - 3 scrolls of remove curse {@r2}
 m - 2 scrolls of immolation
 r - a scroll of fog {unknown}


   Skills:
 + Level 4.9 Fighting
 + Level 2.0 Maces & Flails
   Level 1.0 Bows
 - Level 1.0 Throwing
 - Level 2.4 Armour
 - Level 1.0 Shields


You had 3 spell levels left.
You didn't know any spells.
Your spell library contained the following spells:

 Spells                   Type           Power        Failure   Level
 Magic Dart               Conj           #...         100%        1
 Blink                    Tloc           N/A          100%        2
 Call Imp                 Summ           #.......     100%        2
 Slow                     Hex            #.......     100%        2
 Conjure Flame            Conj/Fire      #.......     100%        3
 Mephitic Cloud           Conj/Pois/Air  #.......     100%        3


Dungeon Overview and Level Annotations

Branches:
Dungeon (4/15)             Temple (1/1) D:4

Altars:
Ashenzari
Okawaru
Ru


Innate Abilities, Weirdness & Mutations

You do not drink.
Your flesh is vulnerable to fire.
You are immune to poison.
Your flesh is cold resistant. (rC+)
You are immune to negative energy. (rN+++)
You are immune to unholy pain and torment.
You can survive without breathing.


Message History

No target in view!
No target in view!
No target in view!
No target in view!
No target in view!
No target in view!
No target in view!
No target in view!
No target in view!
No target in view!
No target in view!
No target in view!
You see here a pair of gloves.
You start putting on your armour.
You continue putting on your pair of gloves. x4
You finish putting on your +0 pair of gloves.
You open the door.
Found a scale mail.
There is an open door here.
Found an escape hatch in the ceiling.
Found a glowing chain mail.
No target in view!
No target in view!
No target in view!
No target in view!
No target in view!
No target in view!
No target in view!
No target in view!
No target in view!
No target in view!
No target in view!
No target in view!
You see here a glowing chain mail.
You see here a glowing chain mail.
You start removing your armour.
You continue taking off your +0 chain mail. x4
You finish taking off your +0 chain mail.
You start putting on your armour.
You continue putting on your glowing chain mail. x5
You finish putting on your +3 chain mail.
Drop what? 17/52 slots (_ for help) (? for menu, Esc to quit)
You drop a +0 chain mail.
Found a red potion.
You see here a red potion.
You now have 154 gold pieces (gained 11).
Found a broken altar of Ashenzari.
No target in view!
An adder comes into view.
The adder hisses angrily.
You reach to attack!
You hit the adder.
The adder is heavily wounded.
You block the adder's attack.
You miss the adder.
The adder is heavily wounded.
The adder bites you but does no damage.
You miss the adder.
The adder is heavily wounded.
You block the adder's attack.
Your chain mail prevents you from hitting the adder.
The adder is heavily wounded.
The adder bites you but does no damage. The adder bites you.
You closely miss the adder.
The adder is heavily wounded.
The adder bites you but does no damage. You block the adder's attack.
You hit the adder.
The adder is almost dead.
The adder bites you but does no damage.
You closely miss the adder.
The adder is almost dead.
The adder bites you but does no damage. x2
Your shield and chain mail prevent you from hitting the adder.
The adder is almost dead.
The adder barely misses you.
You hit the adder.
You kill the adder!
Your Maces & Flails skill increases to level 2!
You have reached level 4!
Unknown command.
Unknown command.
Welcome back, EnegeticOcto the Mummy Wanderer.
Press ? for a list of commands and other information.
Unknown command.
HP restored.
g - 79 stones (gained 23)
Found a staircase to the Ecumenical Temple.
A gnoll comes into view.
The gnoll shouts!
You hear a shout!
The gnoll moves out of view. 2 gnolls come into view.
The gnoll shouts! x2
There are monsters nearby!
There is a staircase to the Ecumenical Temple here.
You climb downwards.
Welcome to the Ecumenical Temple!
Found a sacrificial altar of Ru and an iron altar of Okawaru.
There is a staircase back to the Dungeon here.
Are you sure you want to abandon this character and quit the game? (Confirm with "yes".)
Okay, then.
Unknown command.
Are you sure you want to abandon this character and quit the game? (Confirm with "yes".)

#####
###...###
#⌠......#
##.......##
#...@._...#
#...........
#..._.....≈.
##.......≈≈≈
#.......≈≈≈
..≈...≈≈≈≈≈
#.≈≈≈≈≈≈≈≈≈≈
..≈≈≈≈≈≈≈≈≈≈


There were no monsters in sight!

Vanquished Creatures
  An adder (D:4)
  An adder skeleton (D:4)
  3 worms (D:2)
  A leopard gecko (D:1)
  An orc (D:3)
  6 bats
  2 giant cockroaches
  9 hobgoblins
  2 jackals (D:2)
  3 kobolds
  A quokka (D:1)
  3 frilled lizards
  7 goblins
  6 rats
46 creatures vanquished.

Notes
Turn   | Place    | Note
-------+----------+-------------------------------------------
     0 | D:1      | EnegeticOcto the Mummy Wanderer began the quest for the
                  | Orb.
     0 | D:1      | EnegeticOcto set off with the following items: a +0 club, a
                  | +0 shortbow, 25 arrows, a scroll of teleportation {@r3 !r},
                  | a +0 robe, a +0 kite shield
     0 | D:1      | Reached XP level 1. HP: 19/19 MP: 1/1
   301 | D:1      | Reached XP level 2. HP: 16/25 MP: 2/2
   605 | D:1      | Reached skill level 1 in Maces & Flails
  1702 | D:2      | Reached XP level 3. HP: 13/31 MP: 3/3
  3965 | D:4      | Found a broken altar of Ashenzari.
  3978 | D:4      | Reached skill level 2 in Maces & Flails
  3978 | D:4      | Reached XP level 4. HP: 34/38 MP: 4/4
  4049 | D:4      | Found a staircase to the Ecumenical Temple.
  4071 | Temple   | Entered the Ecumenical Temple
  4072 | Temple   | Quit the game

Illustrated notes

Levels and vault maps discovered:
D:1:      minmay_arrival_four_circles, layout_basic
D:2:      layout_loops_ring, serial_bayou_pond_d, guppyfry_early_lair_pool
D:3:      layout_basic
D:4:      layout_basic, cheibriados_altar_1, ashenzari_altar_1,
          elyvilon_altar_5, minmay_temple_entry_crystal_x
Temple:   nicolae_temple_hex_pool

Skill      XL: |  1  2  3 |
---------------+----------+-----
Maces & Flails | 1 2 |  2.0
Fighting       | |  4.9
Bows           | |  1.0
Throwing       | |  1.0
Armour         | |  2.4
Shields        | |  1.0

Action                   |  1- 3 |  4- 6 || total
-------------------------+-------+-------++-------
Melee: Whip              |   142 |       ||   142
       Rapier            |    44 |       ||    44
       Spear             |    25 |       ||    25
Throw: Stone             |     1 |       ||     1
  Use: Scroll            |     6 |       ||     6
 Stab: Sleeping          |     1 |       ||     1
Armor: Robe              |    33 |       ||    33
       Chain mail        |     9 |       ||     9
       Ring mail         |     8 |       ||     8
Dodge: Dodged            |    60 |       ||    60
Block: Kite shield       |    76 |       ||    76

Table legend: (Time is in decaauts)
 A = Elapsed time spent in this place.
 B = Non-inter-level travel time spent in this place.
 C = Inter-level travel time spent in this place.
 D = Time resting spent in this place.
 E = Time spent auto-exploring this place.
 F = Levels seen in this place.
 G = Mean time per level.
                   A        B        C        D        E       F      G
               +--------+--------+--------+--------+--------+-----+--------+
         Total |   4111 |   3970 |    141 |    286 |   3123 |   5 |  822.2 |
       Dungeon |   4110 |   3969 |    141 |    286 |   3123 |   4 | 1027.5 |
        Temple |      0 |      0 |      0 |      0 |      0 |   1 |    0.0 |
               +--------+--------+--------+--------+--------+-----+--------+

Top non-repeatable levels by time:
     D:1: 1635 daAuts
     D:2: 1461 daAuts
     D:3: 795 daAuts
     D:4: 217 daAuts
  Temple: 0 daAuts
